Map: Ruins of Endion

Players

Marti

  • Race: Terran Terran
  • League: Platinum

blackxored - Winner!

  • Race: Zerg Zerg
  • League: Platinum

VOD

Have the link to the VOD?

Description

Time

  • Played on: June 27, 2016, 2:35 p.m.
  • Length: 22:00
Show
View Real Time Build Order
Export as new Build Order

Marti Terran 

Build Orders: Reaper Expand, MMM Bio 

Get SALT Encoding   

  12  0:01  SCV  
  13  0:13  SCV  
  14  0:17  Supply Depot  
  14  0:25  SCV  
  15  0:39  SCV  
  15  0:40  Barracks  
  16  0:43  Refinery  
  16  0:51  SCV  
  17  1:03  SCV  
  18  1:15  SCV  
  19  1:28  Orbital Command  
  19  1:29  Reaper  
  20  1:41  Command Center  
  20  1:55  SCV  
  20  1:59  Supply Depot  
  21  2:03  Marine  
  22  2:12  Barracks  
  22  2:19  Barracks  
  22  2:22  Barracks Reactor  
  22  2:27  SCV  
  23  2:39  SCV  
  24  2:51  SCV  
  24  2:54  Orbital Command  
  25  2:59  Bunker  
  25  3:02  Barracks Tech Lab  
  25  3:03  Marine x2, SCV  
  28  3:11  Factory  
  28  3:12  Refinery  
  28  3:14  Engineering Bay  
  28  3:19  Barracks Tech Lab  
  28  3:22  SCV x2  
  28  3:25  Marine x2  
  32  3:33  Combat Shields  
  32  3:38  SCV  
  32  3:39  SCV  
  34  3:47  Stimpack  
  34  3:48  Marine  
  34  3:49  Supply Depot  
  34  3:50  SCV  
  34  3:53  SCV  
  37  4:02  SCV  
  38  4:06  Starport  
  38  4:10  Factory Tech Lab  
  38  4:12  Marine x2  
  38  4:15  SCV  
  41  4:18  Refinery  
  41  4:20  SCV  
  42  4:31  Marine x2  
  42  4:32  Marauder x2  
  42  4:33  SCV  
  42  4:38  Refinery  
  49  4:42  Supply Depot x2, Siege Tank  
  52  4:55  SCV x2  
  52  4:59  Barracks Reactor  
  54  5:03  Marine  
  54  5:04  Marauder  
  57  5:15  SCV  
  57  5:17  Concussive Shells  
  57  5:18  Command Center  
  57  5:19  Medivac  
  60  5:21  Marine  
  60  5:25  Marauder  
  60  5:27  SCV x2  
  65  5:34  Terran Infantry Weapons Level 1  
  65  5:36  Marine  
  65  5:37  Marine  
  65  5:39  Marine, SCV  
  69  5:46  Marine  
  70  5:50  Supply Depot, Missile Turret  
  70  5:52  Missile Turret  
  70  5:53  Supply Depot  
  70  5:54  Missile Turret  
  70  5:58  Armory  
  70  6:11  Marine x3  
  70  6:12  Marauder, SCV x2  
  77  6:21  Medivac x2  
  77  6:24  SCV  
  77  6:25  Siege Tank  
  85  6:29  Marine  
  85  6:32  Orbital Command  
  57  6:40  Liberator x2  
  86  6:48  Marine  
  86  6:49  Marauder  
  89  6:54  SCV x2  
  89  6:59  Marine, Marauder  
  101  7:01  SCV  
  101  7:10  Supply Depot  
  101  7:12  Supply Depot  
  101  7:17  Engineering Bay  
  101  7:31  Marauder, Marine, Siege Tank, SCV, Terran Infantry Weapons Level 2  
  101  7:33  Marine, Barracks x2  
  109  7:37  Barracks  
  109  7:38  Marine  
  110  7:45  Supply Depot  
  110  7:46  Supply Depot  
  110  7:49  Marine  
  111  7:52  SCV x3  
  111  7:53  Marauder  
  111  7:57  Missile Turret  
  116  7:59  Sensor Tower  
  116  8:03  Terran Infantry Armor Level 1  
  116  8:04  SCV  
  117  8:07  SCV x2  
  119  8:19  Marine x3  
  116  8:20  Siege Tank, Medivac, Marauder  
  116  8:21  Medivac  
  116  8:25  Terran Vehicle Weapons Level 1  
  116  8:26  Barracks Reactor x2  
  123  8:29  Barracks Reactor  
  123  8:32  SCV x2  
  125  8:35  Refinery  
  125  8:37  Marine, Marauder  
  128  8:42  Refinery  
  128  8:50  Marine  
  128  8:51  Marauder  
  128  8:52  Medivac  
  133  9:04  Command Center  
  133  9:06  Barracks x2  
  133  9:07  Supply Depot  
  133  9:10  Marine x2  
  133  9:11  Marauder  
  133  9:16  Marine  
  133  9:17  Marine, Marauder  
  141  9:28  Marine  
  141  9:30  Supply Depot  
  142  9:32  Marauder  
  144  9:45  Marine x3, Marauder  
  148  9:49  Marine  
  148  9:52  Siege Tank  
  146  9:53  Marauder  
  146  9:54  Supply Depot  
  124  10:00  Marine x2  
  105  10:07  Marauder  
  98  10:15  Marauder  
  98  10:19  Marine x2  
  98  10:20  Marine  
  101  10:22  Marine  
  101  10:23  Marine x2  
  101  10:24  SCV  
  101  10:25  SCV, Orbital Command  
  101  10:28  Marine x3, Marauder  
  110  10:29  Medivac x2  
  115  10:36  Marauder  
  106  10:50  Marauder  
  106  10:52  Marine  
  106  10:53  Marine x6  
  106  10:55  Siege Tank  
  116  10:57  Marauder  
  110  11:11  Marauder  
  108  11:19  Marine x2, Marauder  
  108  11:20  Marine x5  
  108  11:24  Barracks Reactor  
  108  11:25  Barracks Reactor  
  119  11:32  Marauder  
  119  11:36  Orbital Command  
  119  11:40  Marauder  
  121  11:47  Marine x3  
  121  11:50  Command Center  
  121  11:52  SCV  
  121  11:53  Starport, Barracks  
  121  11:54  Marauder, Barracks, Starport  
  127  12:02  Marauder, Missile Turret  
  127  12:04  Marine x2  
  127  12:05  Marine, Missile Turret  
  127  12:06  Siege Tank  
  127  12:07  SCV, Missile Turret  
  136  12:13  Terran Infantry Armor Level 2  
  136  12:15  Marauder  
  138  12:16  SCV  
  139  12:23  Marauder, SCV x2  
  139  12:26  Refinery  
  139  12:27  Refinery  
  139  12:28  SCV  
  144  12:37  Marauder  
  145  12:44  Marauder  
  145  12:48  Marine  
  145  12:49  Marine  
  143  12:51  Marine  
  143  12:52  Marine x3  
  143  12:54  Medivac x2  
  143  12:55  Medivac  
  143  12:57  SCV  
  143  12:58  Barracks Reactor, Marauder  
  156  12:59  Barracks Reactor  
  156  13:01  Starport Tech Lab  
  156  13:06  Marauder  
  156  13:08  Marine x2  
  160  13:19  Marauder  
  159  13:27  Marauder  
  161  13:41  Marauder  
  163  13:43  Marine x3  
  166  13:49  Marauder  
  165  14:02  Marauder  
  131  14:10  Marine, Marauder  
  131  14:16  Marine x2  
  115  14:23  Marine, Marauder  
  113  14:28  Liberator  
  113  14:29  Marine, Liberator x2  
  112  14:31  Marauder  
  112  14:32  Bunker  
  114  14:42  Barracks Tech Lab  
  114  14:44  Barracks Tech Lab  
  114  14:45  Marauder  
  122  14:47  Ghost Academy  
  122  14:52  Planetary Fortress  
  130  14:53  Marauder  
  130  14:54  Marine  
  130  14:55  Marine x5  
  130  14:58  Siege Tank  
  139  15:06  Marauder  
  143  15:14  Marauder  
  136  15:28  Marauder  
  131  15:35  Marauder  
  131  15:37  Marine x2, Marauder  
  131  15:41  Marine x2  
  128  15:49  Marauder  
  120  15:54  Marine  
  120  15:55  Marine, Orbital Command  
  115  15:57  Marauder  
  115  16:04  Marine x3  
  115  16:05  Marine x3  
  115  16:10  Marauder  
  124  16:18  Marauder  
  124  16:23  Marine x2  
  126  16:28  Marine x2  
  126  16:32  Marauder  
  129  16:34  Orbital Command  
  131  16:40  Marauder  
  131  16:42  Ghost Academy  
  131  16:48  Liberator  
  131  16:49  Marine x3, Liberator  
  131  16:50  Marine x2  
  131  16:53  Marauder  
  138  16:55  Barracks  
  138  16:57  Barracks  
  138  16:58  Barracks  
  138  16:59  Marine, Barracks  
  138  17:00  Marine x2  
  143  17:01  Marauder  
  149  17:13  Personal Cloaking  
  149  17:14  Barracks Reactor  
  149  17:15  Marauder  
  151  17:16  Barracks  
  153  17:22  Marauder  
  153  17:27  SCV x2  
  155  17:36  Marauder  
  155  17:38  Marine x3  
  155  17:44  Marauder  
  158  17:57  Marauder  
  160  18:04  Ghost  
  160  18:05  Marauder  
  164  18:11  Barracks Tech Lab x2  
  164  18:14  Barracks Tech Lab  
  164  18:19  Marauder  
  163  18:27  Marauder  
  165  18:32  Ghost  
  158  18:40  Marauder  
  150  18:41  Marine x2, Ghost  
  150  18:42  Marauder  
  150  18:48  Marauder  
  160  18:53  Marine  
  161  18:55  Marine  
  161  18:56  Marine  
  161  19:01  Ghost x2  
  164  19:03  Marauder  
  98  19:51  Marine  
  98  19:52  Marauder, Liberator x2  
  95  20:01  Marine x2  
  95  20:02  Marauder x2  
  95  20:07  Marine x2, Marauder  
  104  20:14  Marine x2  
  104  20:15  Marauder  
  104  20:20  Marine x2  
  104  20:21  Marauder  
  112  20:23  Marauder  
  114  20:35  Liberator x2  
  114  20:38  Starport  
  114  20:41  Starport  
  114  20:43  Starport  
  114  20:44  Marine x2  
  122  21:04  Orbital Command  
  84  21:40  Marine  
Show
View Real Time Build Order
Export as new Build Order

blackxored Zerg - Winner!

Build Orders: Hatch First 

Get SALT Encoding   

  12  0:01  Drone  
  13  0:09  Drone  
  14  0:19  Overlord  
  14  0:25  Extractor  
  14  0:26  Drone  
  15  0:38  Drone  
  15  0:39  Drone  
  17  0:53  Hatchery  
  17  0:57  Drone  
  17  0:59  Drone  
  18  1:11  Extractor  
  18  1:15  Spawning Pool  
  17  1:18  Drone  
  17  1:21  Drone  
  18  1:30  Drone  
  19  1:41  Overlord  
  19  1:50  Drone  
  20  2:10  Zergling x4  
  20  2:11  Queen x2  
  27  2:15  Zergling x2  
  27  2:16  Metabolic Boost  
  27  2:18  Drone  
  28  2:27  Drone x2  
  29  2:41  Hatchery  
  28  2:44  Drone x2  
  30  2:56  Pneumatized Carapace  
  29  2:59  Queen  
  29  3:02  Overlord  
  31  3:10  Drone x3  
  34  3:25  Drone x6  
  41  3:27  Drone  
  43  3:41  Zergling x4  
  43  3:44  Overlord  
  43  3:52  Overlord  
  43  3:54  Drone  
  44  3:57  Queen  
  44  4:01  Queen  
  50  4:09  Drone  
  51  4:10  Roach Warren  
  51  4:12  Extractor, Drone  
  51  4:13  Drone  
  51  4:14  Drone x2  
  53  4:19  Lair  
  51  4:41  Queen  
  53  4:48  Queen  
  53  4:51  Roach x5  
  65  4:53  Overlord x4  
  65  4:55  Overlord  
  65  5:14  Drone x8  
  73  5:23  Roach x3  
  79  5:29  Glial Reconstitution  
  79  5:33  Evolution Chamber  
  79  5:35  Drone x3  
  80  5:36  Evolution Chamber  
  80  5:37  Infestation Pit  
  80  5:40  Extractor, Drone x2  
  80  5:42  Extractor, Drone x3  
  81  5:45  Drone x3  
  84  5:52  Drone x2  
  86  6:04  Zerg Missile Weapons Level 1  
  86  6:08  Drone x2  
  86  6:09  Drone x3  
  91  6:17  Roach  
  91  6:18  Roach x6  
  105  6:20  Overlord x2  
  105  6:21  Overlord  
  105  6:43  Roach x5  
  105  6:44  Roach x3  
  120  7:06  Overlord  
  120  7:07  Overlord x2  
  120  7:08  Overlord  
  120  7:19  Extractor  
  120  7:20  Extractor, Drone x2  
  120  7:27  Overlord  
  120  7:31  Infestor x4  
  120  7:36  Drone  
  129  7:38  Drone x4  
  129  7:42  Drone  
  129  7:44  Drone  
  135  7:47  Drone  
  136  8:00  Roach x8  
  136  8:01  Roach x2  
  136  8:04  Hive  
  152  8:25  Roach x4  
  152  8:26  Overlord  
  152  8:27  Overlord x3  
  160  8:35  Hatchery  
  159  9:01  Roach x5  
  159  9:02  Roach x8  
  185  9:09  Drone x5  
  192  9:10  Drone x2  
  192  9:14  Hatchery  
  191  9:19  Ravager x2  
  191  9:22  Overlord x4  
  193  9:37  Overlord x2  
  193  9:43  Extractor x2  
  120  10:06  Roach  
  126  10:07  Roach x19  
  135  10:18  Roach x5  
  143  10:26  Roach x2  
  143  10:27  Roach x2  
  151  10:29  Ravager  
  151  10:30  Ravager x3  
  151  10:32  Ravager x2  
  151  10:33  Ravager x3  
  133  11:05  Roach x12  
  151  11:23  Roach x4  
  159  11:37  Zerg Missile Weapons Level 2, Zerg Ground Armor Level 1  
  159  11:38  Ultralisk Cavern  
  158  11:43  Drone x6  
  158  11:44  Drone  
  165  11:56  Roach  
  165  11:57  Roach x7  
  165  11:59  Ravager x8  
  165  12:00  Ravager x2  
  191  12:01  Ravager  
  192  12:12  Adrenal Glands  
  192  12:29  Extractor  
  191  12:32  Extractor  
  173  12:37  Drone x12  
  173  12:38  Drone  
  170  13:28  Hatchery  
  170  13:32  Chitinous Plating  
  169  13:34  Ultralisk x2  
  169  13:35  Ultralisk x3  
  181  14:09  Ultralisk x3  
  175  14:10  Ultralisk x2  
  158  14:22  Ultralisk  
  159  14:24  Zergling x2  
  159  14:25  Zergling x38  
  173  14:35  Zergling x6  
  176  14:42  Drone x4  
  180  14:53  Spire  
  179  15:06  Roach x7  
  179  15:07  Roach x3  
  190  15:17  Extractor x2  
  179  15:27  Zergling x2  
  179  15:28  Zergling x30  
  187  15:49  Ultralisk x4  
  161  16:10  Greater Spire  
  130  16:32  Ultralisk x3  
  130  16:33  Ultralisk x2  
  130  16:34  Zergling x26  
  149  16:40  Zerg Melee Weapons Level 1  
  149  16:46  Drone  
  150  16:48  Drone  
  151  17:09  Zerg Ground Armor Level 2  
  151  17:17  Queen  
  151  17:18  Ultralisk x2  
  151  17:19  Ultralisk x2  
  151  17:20  Zergling x34  
  151  17:21  Zergling x12  
  200  17:30  Drone, Spine Crawler  
  200  17:32  Spine Crawler  
  199  17:57  Zerg Flyer Armor Level 1  
  176  18:38  Corruptor x4  
  176  18:39  Corruptor x2  
  176  18:41  Zergling x34  
  187  18:48  Zerg Melee Weapons Level 2  
  182  19:22  Corruptor x8  
  184  19:36  Ultralisk x4  
  192  19:50  Zergling x12  
  192  19:51  Zergling x4  
  192  19:52  Overlord x3  
  200  19:53  Overlord x2  
  193  20:34  Zergling x2  
  193  20:35  Zergling x10  
  191  21:00  Zergling x2  
  191  21:01  Zergling x16  
  191  21:04  Extractor  
  199  21:05  Hatchery  
  199  21:08  Extractor  
  176  21:39  Hatchery  
Tags
 
Add a new tag
Caveats
  • Supply blocks, unpowered buildings, or Contaminate may cause inaccurate times.
  • Supply counts are checked every 10 seconds.